 Dungeon Crawl Stone Soup version 0.23.2-1-ga50397a (webtiles) character file.

Game seed: 14874227951813584104

177 Borgoz the Slasher (level 5, -1/47 HPs)
             Began as a Minotaur Monk on May 25, 2019.
             Slain by Grinder (2 damage)
             ... while paralysed by Grinder
             ... on level 3 of the Dungeon.
             The game lasted 00:03:06 (3189 turns).

Borgoz the Slasher (Minotaur Monk)                  Turns: 3189, Time: 00:03:07

Health: -1/47      AC:  2    Str: 16    XL:     5   Next: 31%
Magic:  4/4        EV:  2    Int:  7    God:
Gold:   149        SH:  0    Dex: 18    Spells: 4/4 levels left

rFire    . . .     SeeInvis .   a - +0 falchion
rCold    . . .     Gourm    .   (no shield)
rNeg     . . .     Faith    .   r - +0 robe
rPois    .         Spirit   .   (helmet restricted)
rElec    .         Reflect  .   (no cloak)
rCorr    .         Harm     .   (no gloves)
MR       .....                  (no boots)
Stlth    +++.......             (no amulet)
HPRegen  0.15/turn              (no ring)
MPRegen  0.09/turn              (no ring)

@: paralysed, agile
A: retaliatory headbutt, horns 2
a: no special abilities


You were on level 3 of the Dungeon.
You were not hungry.

You visited 1 branch of the dungeon, and saw 3 of its levels.

You collected 149 gold pieces.

Inventory:

Hand Weapons
 a - a +0 falchion (weapon)
 b - a +2 dagger of venom
Armour
 r - a +0 robe (worn)
Jewellery
 q - an uncursed ring of see invisible {unknown}
Scrolls
 d - a scroll of amnesia
 g - 2 scrolls of enchant armour {unknown}
 j - a scroll of enchant weapon {unknown}
 m - a scroll of blinking {unknown}
 o - a scroll of remove curse {unknown}
 p - a scroll of fear {unknown}
Potions
 e - a potion of cancellation {unknown}
 f - 2 potions of curing
 n - 2 potions of lignification
 s - a potion of brilliance
Comestibles
 c - 8 rations
 k - 4 chunks of flesh


   Skills:
 * Level 4.8 Fighting
 * Level 4.8 Long Blades
 * Level 2.8 Armour
 * Level 4.4 Dodging
 - Level 1.5 Stealth


You had 4 spell levels left.
You didn't know any spells.
Your spell library was empty.

Dungeon Overview and Level Annotations

Branches:
Dungeon (3/15)

Altars:
Qazlal

Annotations:
D:3 Grinder


Innate Abilities, Weirdness & Mutations

You reflexively headbutt those who attack you in melee.
You have a pair of horns on your head.


Message History

Grinder is moderately wounded.
Grinder barely misses you.
You riposte.
You hit Grinder. You headbutt Grinder.
Grinder is heavily wounded.
You closely miss Grinder. Your headbutt misses Grinder.
Grinder is heavily wounded.
Grinder blinks!
Grinder gestures at you.
You suddenly lose the ability to move!
Grinder hits you.
You writhe in agony.
Grinder no longer looks unusually strong.
Grinder gestures at you.
You shrug off the repeated paralysis!
Grinder hits you!
* * * LOW HITPOINT WARNING * * *
You writhe in agony.
* * * LOW HITPOINT WARNING * * *
Grinder hits you!
* * * LOW HITPOINT WARNING * * *
Grinder hits you.
You die...

..# ..####### ###### # ........#
####....# ... ##......# #########
.......##.... #......###........
#..........
##..........###########....###>..
........................##.#.....
##......#######.............†#...
#.....[........@.#......##.## ..
#......#######.5#######...... .
##.........# ##.# ..#######..
.######.##.# #..# ..# .. )#
#....# ##.# #.# ####..# .##
###..######.# #)##.....## ..###
#......##.# #)÷..# #. ....#
#..###....#####.)### #.
....######.#####......#...# #.


You could see Grinder.

Vanquished Creatures
  A worker ant (D:2)
  7 adders
  An ooze (D:3)
  A worm (D:2)
  2 dart slugs
  A leopard gecko (D:3)
  7 orcs (D:3)
  3 giant cockroaches
  11 hobgoblins
  4 jackals (D:1)
  2 quokkas (D:2)
  12 bats
  3 frilled lizards
  10 goblins
  3 kobolds
  5 rats
73 creatures vanquished.

Notes
Turn   | Place    | Note
-------+----------+-------------------------------------------
     0 | D:1      | Borgoz the Minotaur Monk began the quest for the Orb.
     0 | D:1      | Reached XP level 1. HP: 19/19 MP: 0/0
   360 | D:1      | Reached XP level 2. HP: 27/27 MP: 1/1
   408 | D:1      | Reached skill level 1 in Armour
   803 | D:1      | Reached XP level 3. HP: 25/33 MP: 2/2
  1474 | D:2      | Reached XP level 4. HP: 26/41 MP: 3/3
  1893 | D:2      | Found a stormy altar of Qazlal.
  2749 | D:3      | Reached XP level 5. HP: 46/47 MP: 4/4
  2817 | D:3      | Found a faded altar of an unknown god.
  3139 | D:3      | Noticed Grinder
  3155 | D:3      | Paralysed by Grinder for 3 turns
  3183 | D:3      | Paralysed by Grinder for 7 turns
  3188 | D:3      | HP: 1/47 [Grinder (8)]
  3189 | D:3      | Slain by Grinder

Skill      XL: |  1  2  3  4 |
---------------+-------------+-----
Armour         | 1 2 |  2.8
Long Blades    | 4 |  4.8
Fighting       | 4 |  4.8
Dodging        | 4 |  4.4
Stealth        | |  1.5

Action                   |  1- 3 |  4- 6 || total
-------------------------+-------+-------++-------
Melee: Falchion          |    76 |    69 ||   145
       Headbutt          |    12 |    21 ||    33
  Use: Scroll            |       |     6 ||     6
       Potion            |       |     2 ||     2
 Stab: Sleeping          |     2 |     4 ||     6
  Eat: Chunk             |     2 |     5 ||     7
Armor: Robe              |    14 |     8 ||    22
Dodge: Dodged            |    71 |    43 ||   114
       Rpst.: Falchion   |    22 |    14 ||    36
